 Dungeon Crawl Stone Soup version 0.30-a0-782-ge64f9170bb (webtiles) character file.

Game seed: 4911513859353104931

1853 Wukaii the Arsonist (level 8, -10/41 HPs)
             Began as a Deep Elf Fire Elementalist on Mar 7, 2023.
             Mangled by a hornet (15 damage)
             ... on level 7 of the Dungeon.
             The game lasted 00:12:32 (6903 turns).

Wukaii the Arsonist (Deep Elf Fire Elementalist)    Turns: 6903, Time: 00:12:33

Health: -10/41     AC:  4    Str:  6 (7)  XL:     8   Next: 89%
Magic:  9/20       EV: 14    Int: 27 (29) God:
Gold:   251        SH:  0    Dex: 14 (15) Spells: 11/21 levels left

rFire   . . .      SeeInvis +    t - +6 dagger (elec)
rCold   + . .      Faith    .    (no shield)
rNeg    + . .      Spirit   .    a - +0 robe
rPois   .          Reflect  .    u - +0 helmet
rElec   +          Harm     .    m - +0 cloak
rCorr   .          Rampage  .    (no gloves)
Will    .....                    (no boots)
Stlth   +++                      (no amulet)
HPRegen 0.26/turn                c - +6 ring of intelligence
MPRegen 0.17/turn                q - ring "Oqalody" {rElec rC+ rN+ Str+2 SInv}

@: lethally poisoned (-10 -> -23), slowed, very slow
A: no striking features
a: no special abilities


You were on level 7 of the Dungeon.
You visited 1 branch of the dungeon, and saw 7 of its levels.
You also visited: Sewer.

You collected 251 gold pieces.

Inventory:

Hand Weapons
 s - the +9 lajatang of Xelehueh {freeze, Str+3}
   (You took it off a kobold on level 3 of the Dungeon)

   Str:       It affects your strength (+3).
 t - a +6 dagger of electrocution (weapon)
Missiles
 H - a throwing net
Armour
 a - a +0 robe (worn)
 g - a +0 tower shield
 m - a +0 cloak (worn)
 u - a +0 helmet (worn)
Magical Staves
 x - a staff of cold
 I - a staff of earth
Jewellery
 c - a +6 ring of intelligence (left hand)
 h - a ring of protection from fire
 n - a ring of see invisible
 q - the ring "Oqalody" (right hand) {rElec rC+ rN+ Str+2 SInv}
   (You found it in a sewer)

   [ring of positive energy]

   Str:       It affects your strength (+2).
   rC:        It protects you from cold.
   rElec:     It insulates you from electricity.
   rN:        It protects you from negative energy.
   SInv:      It lets you see invisible.
Wands
 w - a wand of charming (11)
Scrolls
 d - a scroll of enchant armour
 e - a scroll of fear
 f - 2 scrolls of immolation {unknown}
 k - a scroll of blinking
 l - 2 scrolls of noise {unknown}
 v - a scroll of magic mapping {unknown}
 y - 2 scrolls of amnesia
 z - a scroll of brand weapon {unknown}
 A - 2 scrolls of teleportation
 B - a scroll of poison {unknown}
 F - a scroll of summoning {unknown}
Potions
 b - a potion of magic
 i - 2 potions of curing {unknown}
 j - 3 potions of attraction {unknown}
 o - 4 potions of lignification
 p - 2 potions of heal wounds {unknown}
 r - a potion of brilliance {unknown}
 C - a potion of invisibility {unknown}
 D - a potion of ambrosia {unknown}
 E - a potion of mutation {unknown}
 G - a potion of haste {unknown}
 J - a potion of degeneration


   Skills:
 - Level 5.0 Dodging
 - Level 5.0 Stealth
 - Level 7.0 Spellcasting
 + Level 3.7 Conjurations
 - Level 10.0 Fire Magic


You had 11 spell levels left.
You knew the following spells:

 Your Spells              Type           Power      Damage    Failure   Level
a - Foxfire               Conj/Fire      100%       2x1d9     1%          1
b - Scorch                Fire           100%       2d10      1%          2
c - Inner Flame           Hex/Fire       36%        N/A       2%          3
d - Flame Wave            Conj/Fire      46%        2d12      3%          4

Your spell library contained the following spells:

 Spells                   Type           Power      Damage    Failure   Level
 Magic Dart               Conj           100%       1d8       1%          1
 Searing Ray              Conj           58%        2d6       1%          2
 Shock                    Conj/Air       76%        1d7       2%          1
 Kindle Blastsparks       Fire/Tloc/Air  54%        2d14      4%          3
 Necrotise                Necr           36%        1d5       6%          1
 Lesser Beckoning         Tloc           18%        N/A       9%          2
 Gell's Gravitas          Tloc           9%         N/A       17%         3
 Swiftness                Air            9%         N/A       17%         3
 Teleport Other           Tloc           9%         N/A       17%         3
 Vampiric Draining        Necr           9%         2d6       17%         3
 Fulminant Prism          Conj/Hex       9%         3d7       26%         4
 Airstrike                Air            4%         2d(1-17)  50%         4
 Agony                    Necr           9%         N/A       85%         5


Dungeon Overview and Level Annotations

Branches:
Dungeon (7/15)              Sewer (visited)
 Temple: D:4-7

Altars:
Elyvilon
Yredelemnul


Message History

The hornet is filled with an inner flame.
Casting: Inner Flame (safe; 1% risk of failure)
Confirm with . or Enter, or press ? or * to list all spells.
You conjure some foxfire!
The hornet is engulfed in blazing flames.
Flame seeps out of the hornet.
Casting: Foxfire (safe; 1% risk of failure)
Confirm with . or Enter, or press ? or * to list all spells.
Flames lash the hornet.
Flame seeps out of the hornet.
The hornet is moderately wounded.
The hornet's fire resistance burns away.
The foxfire hits the hornet but does no damage.
The hornet is moderately wounded.
The foxfire hits the hornet but does no damage.
The hornet is moderately wounded.
The hornet is engulfed in blazing flames.
Flame seeps out of the hornet.
The orc throws a boomerang.
The boomerang closely misses you. The hornet stings you!
You feel yourself slow down.
Casting: Scorch (safe; 1% risk of failure)
Confirm with . or Enter, or press ? or * to list all spells.
You conjure some foxfire!
The hornet stings you.
You are poisoned.
You feel as though you will be slow longer.
The hornet stings you!
* * * LOW HITPOINT WARNING * * *
You are more poisoned.
You feel as though you will be slow longer.
It was a potion of degeneration.
There was something very wrong with that liquid.
You feel weakened.
You feel dopey.
You feel clumsy.
* * * LOW HITPOINT WARNING * * *
You feel very sick.
The hornet is no longer more vulnerable to fire.
The foxfire hits the hornet but does no damage.
The hornet is moderately wounded.
The foxfire hits the hornet but does no damage.
The hornet is moderately wounded.
The hornet stings you!
You die...

..... .....#
......## ......#
###### #....##
###....####.
#...###...........
#...........####
##.....#..§§.#
##..##..##.@..#
###..####..##y..#
##...## #..##.°§§#
.##...##
#..###.§§# .....##
##.. .☼oo. ###).##
..# ...... ##).#
... ..##..# #..##
#..>### ..# ##..#
.###


You could see a hornet (inner flame), an orc wizard (invisible) and an orc
(resistant).

Vanquished Creatures
  3 ogres (D:5)
  A black bear (D:2)
  A centaur (D:6)
  3 bullfrogs
  A necrophage (D:5)
  3 scorpions
  3 wights (D:6)
  A jelly (D:6)
  6 orc priests
  4 hounds
  A gnoll bouda (D:6)
  2 iguanas (D:6)
  6 orc wizards
  Robin (D:3)
  6 adders
  5 gnolls (D:6)
  2 shadow imps
  A white imp (D:5)
  2 dart slugs
  25 orcs
  3 endoplasms
  11 giant cockroaches
  11 goblins
  12 hobgoblins
  8 kobolds
  4 quokkas
  16 ball pythons
  4 bats
  19 frilled lizards
  6 rats
171 creatures vanquished.

Vanquished Creatures (others)
  301 foxfires
301 creatures vanquished.

Grand Total: 472 creatures vanquished

Notes
Turn   | Place    | Note
-------+----------+-------------------------------------------
     0 | D:1      | Wukaii the Deep Elf Fire Elementalist began the quest for
                  | the Orb.
     0 | D:1      | Reached XP level 1. HP: 10/10 MP: 6/6
   228 | D:1      | Reached XP level 2. HP: 15/15 MP: 5/9
   663 | D:1      | Learned a level 2 spell: Scorch
  1123 | D:2      | Noticed a black bear
  1130 | D:2      | Killed a black bear
  1131 | D:2      | Reached skill level 5 in Spellcasting
  1131 | D:2      | Reached skill level 4 in Fire Magic
  1131 | D:2      | Reached XP level 3. HP: 19/19 MP: 2/11
  1131 | D:2      | Reached XP level 4. HP: 24/24 MP: 2/13
  1133 | D:2      | Reached skill level 5 in Fire Magic
  1811 | D:3      | Noticed Robin
  1817 | D:3      | Reached XP level 5. HP: 26/28 MP: 6/14
  2053 | D:3      | Found a glowing drain.
  2066 | Sewer    | Entered a sewer
  2177 | Sewer    | Learned a level 3 spell: Inner Flame
  2504 | Sewer    | Reached skill level 6 in Fire Magic
  2508 | Sewer    | Reached XP level 6. HP: 32/32 MP: 7/15
  2624 | Sewer    | Identified the ring "Oqalody" {rElec rC+ rN+ Str+2 SInv}
  2867 | D:3      | Reached skill level 7 in Fire Magic
  2867 | D:3      | Identified the +9 lajatang of Xelehueh {freeze, Str+3}
  2874 | D:3      | Killed Robin
  3030 | D:3      | Found a faded altar of an unknown god.
  3069 | D:3      | Learned a level 4 spell: Flame Wave
  4064 | D:4      | Reached skill level 8 in Fire Magic
  4064 | D:4      | Reached XP level 7. HP: 36/36 MP: 7/16
  4536 | D:5      | Entered Level 5 of the Dungeon
  4729 | D:5      | Reached skill level 9 in Fire Magic
  4733 | D:5      | Reached XP level 8. HP: 35/41 MP: 7/20
  5603 | D:6      | Reached skill level 10 in Fire Magic
  5948 | D:6      | Reached skill level 5 in Stealth
  6168 | D:6      | Reached skill level 5 in Dodging
  6343 | D:6      | Found a basalt altar of Yredelemnul.
  6476 | D:6      | Found a white marble altar of Elyvilon.
  6896 | D:7      | Noticed a hornet
  6903 | D:7      | Mangled by a hornet

Illustrated notes

Levels and vault maps discovered:
D:1:      dpeg_arrival_arbitrary_c, layout_basic
D:2:      layout_basic
D:3:      layout_loops_ring, portal_sewer_entry_b,
          hellmonk_ecumenical_altar_leap_of_faith, grunt_decor_one_mirror,
          minivault_14, uniq_robin
D:4:      layout_rooms, serial_corexii_hall, corexii_hall_statues_l,
          corexii_hall_statues_i, chequers_hall_statues_wall_a,
          corexii_hall_statues_x, minivault_19
D:5:      layout_gridville
D:6:      layout_basic, kennysheep_ying_yang
D:7:      layout_layer_cave, temple_statues, uniq_joseph

Skill      XL: |  1  2  3  4  5  6  7  8 |
---------------+-------------------------+-----
Spellcasting   | 4 5 7 |  7.0
Fire Magic     | 4 5 6 8 9 10 | 10.0
Stealth        | 3 5 |  5.0
Dodging        | 5 |  5.0
Conjurations   | 3 |  3.7

Action                     |  1- 3 |  4- 6 |  7- 9 || total
---------------------------+-------+-------+-------++-------
  Melee: Unarmed           |     1 |       |       ||     1
         Dagger            |     4 |     9 |    10 ||    23
   Cast: Foxfire           |    34 |    59 |    76 ||   169
         Scorch            |     4 |    43 |    33 ||    80
         Flame Wave        |       |     3 |     1 ||     4
         Inner Flame       |       |       |    11 ||    11
    Use: Scroll            |       |     6 |     1 ||     7
         Potion            |       |       |     1 ||     1
 Armour: Robe              |     1 |     9 |    10 ||    20
  Dodge: Dodged            |     5 |    25 |    18 ||    48

Table legend: (Time is in decaauts)
 A = Elapsed time spent in this place.
 B = Non-inter-level travel time spent in this place.
 C = Inter-level travel time spent in this place.
 D = Time resting spent in this place.
 E = Time spent auto-exploring this place.
 F = Levels seen in this place.
 G = Mean time per level.
                   A        B        C        D        E       F      G
               +--------+--------+--------+--------+--------+-----+--------+
         Total |   6986 |   6792 |    194 |      0 |   5769 |   8 |  873.2 |
       Dungeon |   6132 |   5938 |    194 |      0 |   5047 |   7 |  876.0 |
         Sewer |    854 |    854 |      0 |      0 |    721 |   1 |  854.0 |
               +--------+--------+--------+--------+--------+-----+--------+

Top non-repeatable levels by time:
     D:6: 1293 daAuts
     D:1: 1086 daAuts
     D:3: 1076 daAuts
     D:5: 970 daAuts
   Sewer: 854 daAuts
     D:2: 825 daAuts
     D:4: 777 daAuts
     D:7: 102 daAuts
